AoeStats
← palermo9

Arabia

510916751Analyzed
1v1 RM · 19h ago on Oct 3, 2026· 50m 53s· 2 players
Game mode
Random Map
Map size
Tiny (2 player)
Population
200
Speed
Normal
Resources
Standard
Victory
Conquest
Starting age
Dark Age
Ending age
Imperial Age
RankedLock teamsTeams togetherTeam positionsShared explorationLock speedFull tech treeHidden civsTurbo modeCheats
Victory
Defeat
🇦🇷 Jurchens · Argentina
961
+15
🇦🇷 Berbers · Argentina
938
-15
palermo9
4:55 Loom
10:35 Feudal Age
19:08 Castle Age
17:52 Scale Mail Armor
18:21 Scale Barding Armor
19:03 Double-Bit Axe
19:54 Forging
24:54 Horse Collar
26:08 Gold Mining
26:39 Heavy Plow
34:00 Imperial Age
32:06 Wheelbarrow
31:43 Husbandry
31:52 Stone Mining
32:33 Chain Barding Armor
32:06 Town Watch
33:30 Gold Shaft Mining
33:14 Squires
33:20 Padded Archer Armor
33:10 Fletching
34:02 Hand Cart
33:52 Town Patrol
33:25 Pikeman
35:08 Iron Casting
36:09 Chemistry
36:44 Chain Mail Armor
37:04 Plate Barding Armor
36:09 Cavalier
37:40 Leather Archer Armor
39:42 Onager
40:56 Bow Saw
42:55 Elite Skirmisher
44:47 Capped Ram
46:22 Plate Mail Armor
46:22 Ring Archer Armor
45:48 Bodkin Arrow
46:54 Blast Furnace
46:55 Heavy Camel Rider
48:28 Heavy Scorpion
49:49 Onager
Burraza
6:13 Loom
9:28 Feudal Age
11:39 Horse Collar
11:52 Double-Bit Axe
20:48 Castle Age
19:43 Fletching
19:54 Padded Archer Armor
20:52 Gold Mining
21:24 Crossbowman
22:07 Elite Skirmisher
23:02 Town Watch
24:40 Bow Saw
25:17 Heavy Plow
27:04 Ballistics
28:12 Wheelbarrow
29:29 Stone Mining
30:14 Gold Shaft Mining
31:08 Bodkin Arrow
31:29 Leather Archer Armor
32:32 Hand Cart
37:06 Imperial Age
36:11 Town Patrol
37:14 Forging
38:48 Chemistry
38:00 Bracer
38:28 Arson
38:44 Squires
38:29 Gambesons
38:05 Pikeman
40:04 Conscription
40:14 Siege Engineers
40:43 Ring Archer Armor
47:41 Halberdier
Connection lost

Rejoining the realm…

Still unreachable

The connection could not be restored.

Session expired

The server has moved on; the page needs a fresh start.